 Dungeon Crawl Stone Soup version 0.25-a0-464-g3004169c2b (webtiles) character file.

Game seed: 8438883469643260372, levelgen mode: deterministic

513 Helreginn the Chopper (level 7, -5/64 HPs)
             Began as a Deep Dwarf Fighter on Feb 4, 2020.
             Slain by an ogre
             ... wielding a cursed -2 giant club
              (17 damage)
             ... on level 5 of the Dungeon.
             The game lasted 00:10:15 (3052 turns).

Helreginn the Chopper (Deep Dwarf Fighter)          Turns: 3052, Time: 00:10:16

Health: -5/64      AC: 11    Str: 22    XL:     7   Next: 0%
Magic:  4/4        EV:  6    Int:  8    God:
Gold:   172        SH: 10    Dex: 12    Spells: 6/6 levels left

rFire    x . .     SeeInvis .   a - +0 war axe
rCold    + . .     Gourm    .   c - +0 shield
rNeg     . . .     Faith    .   v - +0 chain mail
rPois    .         Spirit   .   i - +0 helmet
rElec    .         Reflect  .   (no cloak)
rCorr    .         Harm     .   (no gloves)
MR       +....                  (no boots)
Stlth    ..........             (no amulet)
HPRegen  0.00/turn              j - ring of ice
MPRegen  0.09/turn              (no ring)

@: non-regenerating
A: damage resistance, heal wounds, sense surroundings 1, no regeneration
a: Heal Wounds


You were on level 5 of the Dungeon.
You were hungry.

You visited 1 branch of the dungeon, and saw 5 of its levels.

You collected 172 gold pieces.

Inventory:

Hand Weapons
 a - a +0 war axe (weapon)
 B - a +4 hunting sling
Missiles
 k - 34 poisoned darts (quivered)
 p - 6 curare-tipped darts
 D - 12 bolts
Armour
 c - a +0 shield (worn)
 i - a +0 helmet (worn)
 v - a +0 chain mail (worn)
Jewellery
 h - a cursed ring of attention {unknown}
 j - a ring of ice (left hand)
Scrolls
 e - 3 scrolls of identify {unknown}
 l - a scroll of fog {unknown}
 n - a scroll of remove curse {unknown}
 r - a scroll of random uselessness {unknown}
 t - a scroll of amnesia {unknown}
 u - a scroll of immolation {unknown}
 w - 4 scrolls of noise {unknown}
 y - a scroll of enchant armour {unknown}
Potions
 b - a potion of degeneration {unknown}
 d - a potion of might
 g - 2 potions of brilliance {unknown}
 m - a potion of haste
 o - 2 potions of curing {unknown}
 q - a potion of mutation {unknown}
 s - a potion of magic {unknown}
 x - a potion of resistance {unknown}
 z - 3 potions of agility {unknown}
 A - 2 potions of heal wounds {unknown}
Comestibles
 f - 9 rations
 C - 2 chunks of flesh


   Skills:
 + Level 4.0 Fighting
 * Level 5.5 Axes
 + Level 4.9 Armour
 + Level 4.9 Shields


You had 6 spell levels left.
You didn't know any spells.
Your spell library contained the following spells:

 Spells                   Type           Power        Failure   Level  Hunger
 Animate Skeleton         Necr           N/A          100%        1    ##.....
 Pain                     Necr           #...         100%        1    ##.....
 Vampiric Draining        Necr           #.........   100%        3    ####...
 Animate Dead             Necr           N/A          100%        4    #####..
 Agony                    Necr           #.......     100%        5    ######.


Dungeon Overview and Level Annotations

Branches:
Dungeon (5/15)
 Temple: D:4-7

Altars:
Ashenzari


Innate Abilities, Weirdness & Mutations

You are resistant to damage.
You can heal yourself by infusing magical energy.
You passively map a small area around you.
You do not regenerate.


Message History

You hit the ogre.
The ogre is severely wounded.
You hit the gnoll.
The gnoll hits you from afar with a +0 spear.
The gnoll hits you but does no damage.
The ogre hits you with a cursed -2 giant club!!
You block the gnoll's attack.
Your shield and chain mail prevent you from hitting the ogre.
The ogre is severely wounded.
You hit the gnoll.
You kill the gnoll!
You have reached level 7!
The ogre hits you with a cursed -2 giant club!
* * * LOW HITPOINT WARNING * * *
You block the gnoll's attack.
You hit the ogre but do no damage.
The ogre is severely wounded.
The gnoll completely misses you.
The ogre hits you with a cursed -2 giant club!!
You die...

, * , * .# *
#########.## * ,
#..........##
*............## #
.............#.#
.......g.......#,
,
.......g.......#
.......@<.......
,
........O.......
* ,
................
,
................
*
................
,
........).......,
,
................<
, ,
................
,,


You could see an ogre and 2 gnolls.

Vanquished Creatures
  An ogre (D:3)
  3 iguanas
  Terence (D:3)
  2 orc wizards (D:4)
  A worker ant (D:4)
  2 hound skeletons (D:4)
  4 gnolls
  4 adders
  4 oozes
  An adder skeleton (D:4)
  2 worms
  6 dart slugs
  3 leopard geckos
  14 orcs
  3 ball pythons
  4 giant cockroaches
  10 goblins
  5 hobgoblins
  6 jackals
  A quokka (D:3)
  9 bats
  4 frilled lizards
  4 kobolds
  13 rats
107 creatures vanquished.

Notes
Turn   | Place    | Note
-------+----------+-------------------------------------------
     0 | D:1      | Helreginn the Deep Dwarf Fighter began the quest for the
                  | Orb.
     0 | D:1      | Reached XP level 1. HP: 20/20 MP: 1/1
   167 | D:1      | Reached XP level 2. HP: 20/27 MP: 2/2
   366 | D:1      | Reached skill level 3 in Axes
   371 | D:1      | Reached XP level 3. HP: 19/33 MP: 3/3
   605 | D:1      | Found a shattered altar of Ashenzari.
  1213 | D:2      | Reached XP level 4. HP: 15/42 MP: 4/4
  1853 | D:3      | Reached XP level 5. HP: 49/49 MP: 3/3
  1866 | D:3      | Noticed Terence
  1873 | D:3      | Killed Terence
  1873 | D:3      | Reached skill level 4 in Axes
  1905 | D:3      | Noticed an ogre
  1916 | D:3      | Killed an ogre
  2024 | D:3      | Reached XP level 6. HP: 43/56 MP: 4/4
  2369 | D:4      | Reached skill level 5 in Axes
  3034 | D:5      | Entered Level 5 of the Dungeon
  3051 | D:5      | Reached XP level 7. HP: 24/64 MP: 4/4
  3052 | D:5      | Slain by an ogre

Levels and vault maps discovered:
D:1:      shiori_arrival_maze, layout_loops_ring, nicolae_ashenzari_panopticon
D:2:      layout_basic, minmay_tiny_reverse_x
D:3:      layout_rooms, st_stairs_7, minmay_liquid_box,
          kennysheep_generic_room_15, uniq_terence
D:4:      minmay_angry_zag, layout_cave_pods
D:5:      layout_basic, minmay_temple_entry_grid, basic_altar, first_ration,
          minmay_manual_monstrance

Skill      XL: |  1  2  3  4  5  6 |
---------------+-------------------+-----
Axes           | 3 4 5 |  5.5
Fighting       | 3 4 |  4.0
Armour         | 4 |  4.9
Shields        | 4 |  4.9

Action                   |  1- 3 |  4- 6 |  7- 9 || total
-------------------------+-------+-------+-------++-------
Melee: War axe           |   115 |   199 |     1 ||   315
Throw: Dart              |     4 |     7 |       ||    11
 Abil: Heal Wounds       |       |     5 |       ||     5
  Eat: Chunk             |     1 |     6 |       ||     7
Armor: Scale mail        |    53 |    62 |       ||   115
       Chain mail        |       |    36 |       ||    36
Dodge: Dodged            |    26 |    55 |     1 ||    82
Block: Shield            |    58 |   115 |     1 ||   174

Table legend:
 A = Non-vault XP
 B = Vault XP
 C = Vault XP percentage of total XP
 D = Non-vault monster count
 E = Vault monster count
 F = Vault count percentage of total count
                 A         B        C        D         E       F
            +---------+---------+-------+---------+---------+-------
      Total |     648 |      86 |  11.7 |      98 |       9 |   8.4
            +---------+---------+-------+---------+---------+-------
        D:1 |      60 |       2 |   3.2 |      29 |       2 |   6.5
        D:2 |      87 |       4 |   4.4 |      22 |       2 |   8.3
        D:3 |     276 |      39 |  12.4 |      32 |       2 |   5.9
        D:4 |     208 |      41 |  16.5 |      13 |       3 |  18.8
        D:5 |      17 |       0 |   0.0 |       2 |       0 |   0.0
            +---------+---------+-------+---------+---------+-------
